 Dungeon Crawl Stone Soup version 0.29.1-1-gd02db6906a (webtiles) character file.

Game seed: 5597863202197184216

7683 RascalDebosk the Thaumaturge (level 11, 0/82 HPs)
             Began as a Djinni Conjurer on Oct 17, 2022.
             Slain by a gnoll sergeant
             ... wielding a +6 trident of venom
              (8 damage)
             ... on level 9 of the Dungeon on Oct 18, 2022.
             The game lasted 01:18:48 (11897 turns).

RascalDebosk the Thaumaturge (Djinni Conjurer)     Turns: 11897, Time: 01:18:49

Health: 0/82       AC: 13    Str:  6    XL:     11   Next: 41%
Gold:   761        EV:  9    Int: 26    God:
                   SH: 13    Dex: 13

rFire   + + .      SeeInvis .   A - +12 war axe of Foolhardiness {freeze, Will+ Int+3}
rCold   . . .      Faith    .   h - +3 kite shield
rNeg    . . .      Spirit   .   q - +0 acid dragon scales
rPois   ∞          Reflect  .   c - +0 helmet
rElec   .          Harm     .   d - +2 cloak
rCorr   +          Rampage  .   n - +0 pair of gloves
Will    ++...                   (boots unavailable)
Stlth   +.........              (no amulet)
HPRegen 0.23/turn               k - ring of protection from cold
MPRegen 0.00/turn               (no ring)

@: flying
A: sickness immunity, fire resistance 2, cold vulnerability 1, float, innate
caster, HP casting, extra vitality 1
a: no special abilities


You were on level 9 of the Dungeon.
You visited 2 branches of the dungeon, and saw 10 of its levels.

You collected 1073 gold pieces.
You spent 312 gold pieces at shops.

Inventory:

Hand Weapons
 e - the +9 short sword of Use Nuil {drain, Int+3}
   (You found it on level 2 of the Dungeon)

   A truly terrible weapon, it drains the life of any living foe it strikes.
   Int:       It affects your intelligence (+3).
 A - the +12 war axe of Foolhardiness (weapon) {freeze, Will+ Int+3}
   (You found it on level 6 of the Dungeon)

   It freezes those it strikes, dealing additional cold damage.
   It can also slow down cold-blooded creatures.
   Int:       It affects your intelligence (+3).
   Will:      It increases your willpower.
Missiles
 x - a throwing net {@!f}
Armour
 c - a +0 helmet (worn)
 d - a +2 cloak (worn)
 h - a +3 kite shield (worn)
 l - a +3 leather armour
 n - a +0 pair of gloves (worn)
 o - a +1 buckler of protection
 q - +0 acid dragon scales (worn)
 C - a +0 cloak of willpower
Jewellery
 k - a ring of protection from cold (left hand)
 E - a +6 ring of strength
Wands
 a - a wand of flame (30)
 s - a wand of polymorph (6)
 w - a wand of mindburst (10)
 D - a wand of acid (2)
Scrolls
 b - a scroll of enchant armour
 g - a scroll of blinking
 r - 4 scrolls of fear
 t - 3 scrolls of teleportation
 y - 2 scrolls of enchant weapon {unknown}
 z - 2 scrolls of poison
 B - 3 scrolls of immolation {unknown}
Potions
 f - 2 potions of lignification
 i - a potion of heal wounds
 j - 2 potions of ambrosia
 m - 3 potions of brilliance {unknown}
 p - 4 potions of mutation
 u - 2 potions of curing {unknown}
 v - a potion of flight {unknown}
 F - a potion of attraction {unknown}
 G - a potion of might {unknown}


   Skills:
 + Level 8.4 Fighting
 - Level 5.0 Armour
 - Level 2.1 Dodging
 - Level 1.5 Stealth
 - Level 6.3 Shields
 * Level 10.0 Spellcasting


You had 2 spell levels left.
You knew the following spells:

 Your Spells              Type           Power      Damage    Failure   Level
a - Magic Dart            Conj           100%       1d8       1%          1
b - Searing Ray           Conj           100%       2d8       1%          2
c - Dazzling Flash        Conj/Hex       100%       N/A       1%          3
d - Fulminant Prism       Conj/Hex       30%        3d16      3%          4
e - Iskenderun's Mystic   Conj/Tloc      60%        2d13      3%          4
f - Slow                  Hex            100%       N/A       1%          1
g - Ensorcelled Hibernat  Hex/Ice        100%       N/A       1%          2
h - Tukima's Dance        Hex            60%        N/A       1%          3
i - Anguish               Hex/Necr       30%        N/A       3%          4
j - Summon Ice Beast      Ice/Summ       60%        N/A       3%          4
Your spell library was empty.

Dungeon Overview and Level Annotations

Branches:
Dungeon (9/15)             Temple (1/1) D:6
   Lair: D:8-11         Orc: D:9-12

Altars:
Cheibriados
Dithmenos
Elyvilon
Fedhas
Gozag
Hepliaklqana
Makhleb
Nemelex Xobeh
Okawaru
Qazlal
Ru
Trog
Uskayaw
Wu Jian
Xom
Yredelemnul
Zin

Shops:
D:4 :   D:5 :   D:6 (


Innate Abilities, Weirdness & Mutations

You are immune to sickness and miasma.
You are immune to poison.
Your flesh is very heat resistant. (rF++)
You are vulnerable to cold. (rC-)
You float through the air rather than walking.
You learn spells naturally, not from books.
Your magical power is your life essence.
You have superior vitality. (+4 MHP)


Message History

Aiming: Fulminant Prism (dangerous; 3% risk of failure)
Press: ? - help, Dir - move target, p - orc warrior You conjure a prism of explosive energy!
A fulminant prism comes into view.
The howler monkey hoots and howls with incredible vigour!
You hear a shout!
The orc priest invokes the aid of Beogh against you.
Beogh smites you!
* * * LOW HITPOINT WARNING * * *
Your fulminant prism crackles loudly.
A gnoll comes into view. It is wielding a +0 halberd.
The orc warrior hits you from afar with a +0 halberd!
* * * LOW HITPOINT WARNING * * *
Your fulminant prism explodes!
The blast of energy engulfs the howler monkey!!
You kill the howler monkey!
The blast of energy engulfs the orc priest!!
You kill the orc priest!
The blast of energy engulfs the orc warrior!
You kill the orc warrior!
You hear a shout! x3
Aiming: Magic Dart (safe; 1% risk of failure)
Press: ? - help, Q - select action, (/) - cycle Shift-Dir - straight line, f - gnoll
Aim: a gnoll, wielding a +0 halberd (100% to hit)
The magic dart hits the gnoll.
The gnoll is moderately wounded.
* * * LOW HITPOINT WARNING * * *
Aiming: Magic Dart (safe; 1% risk of failure)
Press: ? - help, Q - select action, (/) - cycle Shift-Dir - straight line, f/p - gnoll
Aim: a gnoll, wielding a +0 halberd (lightly wounded, 100% to hit)
The magic dart hits the gnoll.
The gnoll is moderately wounded.
* * * LOW HITPOINT WARNING * * *
Aiming: Magic Dart (safe; 1% risk of failure)
Press: ? - help, Q - select action, (/) - cycle Shift-Dir - straight line, f/p - gnoll
Aim: a gnoll, wielding a +0 halberd (moderately wounded, 100% to hit)
The magic dart hits the gnoll but does no damage.
The gnoll is moderately wounded.
* * * LOW HITPOINT WARNING * * *
Your magical contamination has completely faded away.
Aiming: Magic Dart (safe; 1% risk of failure)
Press: ? - help, Q - select action, (/) - cycle Shift-Dir - straight line, f/p - gnoll
Aim: a gnoll, wielding a +0 halberd (moderately wounded, 100% to hit)
The magic dart hits the gnoll.
The gnoll is heavily wounded.
* * * LOW HITPOINT WARNING * * *
Casting: Magic Dart (safe; 1% risk of failure)
Confirm with . or Enter, or press ? or * to list all spells.
You erupt in a blast of force!
The mystic blast hits the gnoll!
You kill the gnoll!
* * * LOW HITPOINT WARNING * * *
G - a grey potion
Items here: ))) [[ †.
A gnoll sergeant comes into view. It is wielding a +6 trident of venom.
Things that are here:
a +0 club; 11 gold pieces A gnoll sergeant is nearby!
Aiming: Magic Dart (safe; 1% risk of failure)
Press: ? - help, Q - select action, (/) - cycle Shift-Dir - straight line, f - gnoll sergeant
Aim: a gnoll sergeant, wielding a +6 trident of venom, wearing a +0 ring mail and quivering stones (100% to hit)
The magic dart hits the gnoll sergeant.
The gnoll sergeant is lightly wounded.
* * * LOW HITPOINT WARNING * * *
A gnoll comes into view. It is wielding a +0 club.
A gnoll comes into view. It is wielding a +0 halberd.
Items here: ))) [[ †.
The gnoll sergeant throws a stone.
The stone hits you.
* * * LOW HITPOINT WARNING * * *
The gnoll sergeant throws a stone.
The stone hits you but does no damage.
The gnoll sergeant throws a stone.
You block the stone.
A gnoll sergeant comes into view. It is wielding a +1 spear of freezing.
The gnoll sergeant shouts!
You hear a shout! x2
You start resting.
A gnoll is nearby!
Casting: Magic Dart (safe; 1% risk of failure)
Confirm with . or Enter, or press ? or * to list all spells.
Aiming: Tukima's Dance (safe; 1% risk of failure)
Press: ? - help, Shift-Dir - straight line, f - gnoll
Aim: a gnoll, wielding a +0 club (chance to affect: 81%)
The +0 club dances into the air!
* * * LOW HITPOINT WARNING * * *
A gnoll comes into view. It is wielding a +0 flail.
You block the gnoll sergeant's attack.
You closely miss the gnoll sergeant.
The gnoll sergeant hits you but does no damage.
You block the gnoll sergeant's attack.
You completely miss the gnoll sergeant. You hit the gnoll.
You freeze the gnoll.
A gnoll comes into view. It is wielding a +0 club.
The gnoll sergeant hits you with a +1 spear of freezing.
* * * LOW HITPOINT WARNING * * *
The gnoll sergeant freezes you.
* * * LOW HITPOINT WARNING * * *
The gnoll barely misses you. You block the gnoll sergeant's attack.
The gnoll sergeant hits you with a +1 spear of freezing.
* * * LOW HITPOINT WARNING * * *
The gnoll sergeant freezes you.
* * * LOW HITPOINT WARNING * * *
The gnoll sergeant hits you from afar with a +6 trident of venom!
You die...

#.###### .# #
###......#### #.#
. .......)gg..#
#g#
........##..####.#
........##.....#g#
...)....##...#...#
##########...##g.#
#.####g.#
#.(.g@..# #
#######.# . #.####
.##. #....####....
####.........
#..........#
#..........##
##...........
#).........#


You could see 2 gnoll sergeants, 3 gnolls and a friendly +0 club.

Vanquished Creatures
  Pikel (D:6)
  Maurice (D:9)
  Maggie (D:9)
  A kobold demonologist (D:9)
  Grinder (D:5)
  14 yaks
  Edmund (D:5)
  An acid dragon (D:9)
  2 water moccasins
  Duvessa (D:5)
  4 orc warriors
  2 sky beasts
  2 ice beasts
  A black bear (D:4)
  A centaur (D:9)
  2 ogres
  2 phantoms
  4 lemures (D:6)
  A kobold brigand (D:8)
  4 bullfrogs
  A necrophage (D:4)
  3 scorpions
  5 wights (D:7)
  Dowan (D:5)
  7 howler monkeys
  A jelly (D:6)
  10 orc priests
  Crazy Yiuf (D:5)
  3 hounds
  Natasha (thrice) (D:2)
  5 iguanas
  11 orc wizards
  4 gnolls
  8 adders
  A shadow imp (D:6)
  An ufetubus (D:6)
  2 worms
  2 dart slugs
  71 orcs
  5 ball pythons
  6 endoplasms
  2 giant cockroaches (D:1)
  7 goblins
  8 hobgoblins
  4 jackals (D:3)
  12 kobolds
  4 quokkas
  2 bats
  6 frilled lizards
  8 rats
251 creatures vanquished.

Vanquished Creatures (collateral kills)
  An orc (D:9)
1 creature vanquished.

Vanquished Creatures (others)
  A butterfly (D:6)
  30 fulminant prisms
31 creatures vanquished.

Grand Total: 283 creatures vanquished

Notes
Turn   | Place    | Note
-------+----------+-------------------------------------------
     0 | D:1      | RascalDebosk the Djinni Conjurer began the quest for the
                  | Orb.
     0 | D:1      | RascalDebosk set off with the following spells memorised:
                  | Magic Dart, Searing Ray, Dazzling Flash, Fulminant Prism,
                  | Iskenderun's Mystic Blast.
     0 | D:1      | Reached XP level 1. HP: 15/15 MP: 0/0
   137 | D:1      | Reached XP level 2. HP: 14/22 MP: 0/0
   756 | D:1      | Reached skill level 1 in Armour
  1083 | D:1      | Reached XP level 3. HP: 25/26 MP: 0/0
  1083 | D:1      | Learned a level 1 spell: Slow
  1124 | D:2      | Noticed Natasha
  1130 | D:2      | Killed Natasha
  1131 | D:2      | Reached skill level 1 in Fighting
  1233 | D:2      | Identified the +9 short sword of Use Nuil {drain, Int+3}
  1246 | D:2      | Reached XP level 4. HP: 26/32 MP: 0/0
  2043 | D:2      | Noticed Natasha
  2049 | D:2      | Killed Natasha
  2050 | D:2      | Reached skill level 4 in Spellcasting
  2050 | D:2      | Reached XP level 5. HP: 25/38 MP: 0/0
  2050 | D:2      | Learned a level 2 spell: Ensorcelled Hibernation
  2166 | D:2      | Noticed Natasha
  2174 | D:2      | Killed Natasha
  3220 | D:3      | Found a faded altar of an unknown god.
  3279 | D:3      | Reached XP level 6. HP: 41/44 MP: 0/0
  3896 | D:4      | Identified a scroll of acquirement
  3896 | D:4      | Acquired 550 gold pieces
  3929 | D:4      | Reached XP level 7. HP: 30/50 MP: 0/0
  3929 | D:4      | Learned a level 3 spell: Tukima's Dance
  4168 | D:4      | Reached skill level 5 in Spellcasting
  4447 | D:4      | Found Kiarghat's Book Emporium.
  4567 | D:4      | Found a bloodstained altar of Trog.
  4873 | D:5      | Entered Level 5 of the Dungeon
  4876 | D:5      | Reached XP level 8. HP: 50/58 MP: 0/0
  4877 | D:5      | Noticed Grinder
  4881 | D:5      | Killed Grinder
  4882 | D:5      | Reached skill level 6 in Spellcasting
  5064 | D:5      | Found Hinkaukh's Book Emporium.
  5086 | D:5      | Reached skill level 1 in Shields
  5234 | D:5      | Noticed Edmund
  5246 | D:5      | Killed Edmund
  5291 | D:5      | Noticed Duvessa
  5331 | D:5      | Noticed Dowan
  5347 | D:5      | Killed Duvessa
  5356 | D:5      | Killed Dowan
  5522 | D:5      | Reached XP level 9. HP: 58/64 MP: 0/0
  5522 | D:5      | Learned a level 4 spell: Anguish
  5610 | D:5      | Reached skill level 5 in Fighting
  6088 | D:5      | Reached skill level 7 in Spellcasting
  6094 | D:5      | HP: 1/66 [yak (6)]
  6662 | D:5      | Found an ornate altar of the Wu Jian Council.
  6709 | D:5      | Found a runed translucent door.
  6710 | D:5      | Noticed Crazy Yiuf
  6962 | D:5      | Killed Crazy Yiuf
  7245 | D:6      | Noticed Pikel
  7257 | D:6      | Killed Pikel
  7258 | D:6      | Reached skill level 8 in Spellcasting
  7258 | D:6      | Reached XP level 10. HP: 53/73 MP: 0/0
  7581 | D:6      | Reached skill level 5 in Shields
  7658 | D:6      | Found an opulent altar of Gozag.
  7669 | D:6      | Identified the +12 war axe of Foolhardiness {freeze, Will+
                  | Int+3}
  7719 | D:6      | Found a staircase to the Ecumenical Temple.
  7741 | D:6      | Found a white marble altar of Elyvilon.
  8074 | D:6      | Found Dainop's Antique Weapon Boutique.
  8090 | D:6      | Bought a glowing long sword for 162 gold pieces
  8090 | D:6      | Bought a glowing falchion for 150 gold pieces
  8613 | D:7      | Found a basalt altar of Yredelemnul.
  8858 | Temple   | Entered the Ecumenical Temple
  9924 | D:8      | Reached skill level 9 in Spellcasting
 10720 | D:8      | Reached XP level 11. HP: 70/80 MP: 0/0
 10720 | D:8      | Learned a level 4 spell: Summon Ice Beast
 11151 | D:9      | Found a hazy altar of Hepliaklqana.
 11283 | D:9      | Noticed Maurice
 11311 | D:9      | Killed Maurice
 11372 | D:9      | Noticed Maggie
 11442 | D:9      | Killed Maggie
 11443 | D:9      | Reached skill level 5 in Armour
 11443 | D:9      | Reached skill level 10 in Spellcasting
 11897 | D:9      | Slain by a gnoll sergeant

Illustrated notes

Levels and vault maps discovered:
D:1:      minmay_arrival_hallway, layout_loops_ring
D:2:      layout_loops_cross, uniq_natasha
D:3:      layout_basic, shapermc_ecumenical_altar_mp_highgroup
D:4:      layout_rooms, trog_butcher_becter, serial_shops,
          nicolae_shop_hallway_stairs
D:5:      layout_loops_corners, mainiacjoe_overflow_alcove_2, serial_shops,
          nicolae_shop_waterfront, enter_ossuary_1, uniq_edmund, uniq_duvessa,
          uniq_crazy_yiuf_cottage, uniq_grinder
D:6:      layout_basic, lemuel_round_altar, nicolae_elyvilon_peaceful_grove,
          minmay_temple_entry_from_below_a, serial_shops, kennysheep_little_box,
          uniq_pikel
D:7:      layout_basic, mainiacjoe_overflow_small_starburst,
          chequers_temple_overflow_statue_of_worship
D:8:      layout_loops_ring
D:9:      layout_basic, mainiacjoe_overflow_brackets, ebering_ghost_gozag,
          dreamdust_princess_corridor, uniq_maurice, uniq_maggie
Temple:   hellmonk_temple_forest_ring

Skill      XL: |  1  2  3  4  5  6  7  8  9 10 11 |
---------------+----------------------------------+-----
Armour         | 1 2 3 4 5 |  5.0
Fighting       | 1 2 3 4 6 7 8 |  8.4
Spellcasting   | 4 5 6 8 9 10 | 10.0
Shields        | 2 4 6 |  6.3
Dodging        | |  2.1
Stealth        | |  1.5

Action                   |  1- 3 |  4- 6 |  7- 9 | 10-12 || total
-------------------------+-------+-------+-------+-------++-------
Melee: Short sword       |       |    10 |    11 |       ||    21
       War axe           |       |       |       |    37 ||    37
 Cast: Magic Dart        |    40 |   123 |    91 |   215 ||   469
       Searing Ray       |     2 |     3 |    11 |     7 ||    23
       Ensorcelled Hiber |       |    12 |       |       ||    12
       Iskenderun's Myst |       |     3 |    22 |    29 ||    54
       Fulminant Prism   |       |       |    14 |    16 ||    30
       Summon Ice Beast  |       |       |       |     2 ||     2
       Tukima's Dance    |       |       |       |     2 ||     2
       Anguish           |       |       |       |     1 ||     1
  Use: Scroll            |       |    10 |     3 |     4 ||    17
       Potion            |       |     1 |       |       ||     1
 Stab: Sleeping          |       |     6 |       |       ||     6
Armor: Robe              |     1 |     2 |       |       ||     3
       Leather armour    |       |     5 |     3 |    35 ||    43
       Acid dragon scale |       |       |       |     6 ||     6
Dodge: Dodged            |     2 |    20 |    18 |    37 ||    77
Block: Kite shield       |       |       |     4 |    48 ||    52
       Buckler           |       |       |     2 |       ||     2
